 Dungeon Crawl Stone Soup version 0.30-a0-870-gc5d4c5acee (webtiles) character file.

Game seed: 9216441674514485227

73569 AtlasWard the Bludgeoner (level 15, -1/101 HPs)
             Began as a Gargoyle Fighter on Mar 11, 2023.
             Was an Elder of Okawaru.
             Slain by a meliai
             ... wielding a +0 hand axe
              (2 damage)
             ... on level 15 of the Dungeon.
             The game lasted 01:13:08 (23979 turns).

AtlasWard the Bludgeoner (Gargoyle Fighter)        Turns: 23979, Time: 01:13:10

Health: -1/101     AC: 36    Str: 26    XL:     15   Next: 43%
Magic:  21/21      EV:  6    Int: 13    God:    Okawaru [****..]
Gold:   888        SH: 24    Dex: 11    Spells: 14/14 levels left

rFire   + + .      SeeInvis .    a - +0 morningstar (protect)
rCold   + + .      Faith    .    V - +2 tower shield {rC+}
rNeg    + + .      Spirit   .    x - +2 plate armour "Heuh" {Rampage rN+ Dex+2}
rPois   ∞          Reflect  +    m - +2 helmet {Int+3}
rElec   +          Rampage  ∞    S - scarf {rC+ rF+}
rCorr   +                        g - +0 pair of gloves "Useif" {Rampage rCorr}
Will    +....                    c - +3 pair of seven-league boots {Rampage+∞} Stlth
                                 E - amulet of reflection
HPRegen 0.36/turn                D - ring of False Pretenses {rElec rPois rCorr Slay+3}
MPRegen 0.17/turn                Q - ring of protection from fire

@: about to teleport, flying
A: sickness immunity, AC +11, big wings, negative energy resistance 1,
electricity resistance, torment resistance 1, petrification resistance
a: Renounce Religion, Heroism, Finesse


You were on level 15 of the Dungeon.
You worshipped Okawaru.
Okawaru was greatly pleased with you.
You visited 3 branches of the dungeon, and saw 21 of its levels.
You also visited: Trove, Bailey and Ice Cave.

You collected 1920 gold pieces.
You spent 1032 gold pieces at shops.

Inventory:

Hand Weapons
 a - a +0 morningstar of protection (weapon)
Missiles
 h - a throwing net
 C - 32 poisoned darts
 L - 5 atropa-tipped darts
Armour
 c - the +3 pair of seven-league boots (worn) {Rampage+∞}
   (You found it in a treasure trove)

   Rampage+∞: When moving toward enemies, its wearer moves as far as possible.
 g - the +0 pair of gloves "Useif" (worn) {Rampage rCorr}
   (Okawaru gifted it to you on level 5 of the Lair of Beasts)

   rCorr:     It protects you from acid and corrosion.
   Rampage:   It bestows one free step when moving towards enemies.
 m - a +2 helmet of intelligence (worn)
 u - a +0 crystal plate armour
 x - the +2 plate armour "Heuh" (worn) {Rampage rN+ Dex+2}
   (You found it in a treasure trove)

   Dex:       It affects your dexterity (+2).
   rN:        It protects you from negative energy.
   Rampage:   It bestows one free step when moving towards enemies.
 S - a scarf of resistance (worn)
 V - a +2 tower shield of cold resistance (worn)
Jewellery
 k - a ring of protection from cold
 D - the ring of False Pretenses (left hand) {rElec rPois rCorr Slay+3}
   (You took it off an orc priest on level 6 of the Dungeon)

   [ring of resist corrosion]

   Slay:      It affects your accuracy & damage with ranged weapons and melee
   (+3).
   rElec:     It insulates you from electricity.
   rPois:     It protects you from poison.
   rCorr:     It protects you from acid and corrosion.
 E - an amulet of reflection (around neck)
 Q - a ring of protection from fire (right hand)
Wands
 w - a wand of iceblast (14) (quivered)
 A - a wand of polymorph (10)
 F - a wand of mindburst (2)
 G - a wand of digging (13)
 J - a wand of paralysis (26)
 P - a wand of flame (42)
Scrolls
 e - 2 scrolls of torment
 i - 8 scrolls of fear
 l - 3 scrolls of silence
 q - 6 scrolls of magic mapping
 r - 3 scrolls of identify
 s - 12 scrolls of teleportation
 y - 4 scrolls of poison
 z - 3 scrolls of immolation
 K - 4 scrolls of blinking
 M - a scroll of fog
 O - 2 scrolls of amnesia
 R - a scroll of enchant armour
Potions
 b - a potion of ambrosia
 d - 3 potions of might
 f - 11 potions of heal wounds
 j - 12 potions of curing
 n - 9 potions of brilliance
 p - 5 potions of haste
 t - a potion of magic {unknown}
 v - a potion of mutation
 B - 2 potions of invisibility
 X - 2 potions of berserk rage
Miscellaneous
 o - a piece from Xom's chessboard (15/15)


   Skills:
 + Level 14.4 Fighting
 * Level 17.4 Maces & Flails
 + Level 9.7 Armour
 - Level 2.0 Dodging
 + Level 12.9 Shields
 - Level 9.0 Invocations


You had 14 spell levels left.
You didn't know any spells.
Your spell library contained the following spells:

 Spells                   Type           Power      Damage    Failure   Level
 Beastly Appendage        Tmut           0%         N/A       100%        1
 Ensorcelled Hibernation  Hex/Ice        0%         N/A       100%        2
 Passwall                 Tmut/Erth      0%         N/A       100%        2
 Wereblood                Tmut           0%         N/A       100%        2
 Frozen Ramparts          Ice            0%         1d1       100%        3
 Inner Flame              Hex/Fire       0%         N/A       100%        3
 Spider Form              Tmut/Pois      0%         N/A       100%        3
 Swiftness                Air            0%         N/A       100%        3
 Flame Wave               Conj/Fire      0%         2d4       100%        4
 Ice Form                 Ice/Tmut       0%         N/A       100%        4
 Sticky Flame             Conj/Fire      0%         2d3       100%        4
 Summon Ice Beast         Ice/Summ       Unusable   N/A       N/A         4

Dungeon Overview and Level Annotations

Branches:
Dungeon (15/15)            Temple (1/1) D:7            Lair (5/5) D:9
  Swamp (0/4) Lair:3       Spider (0/4) Lair:3        Slime (0/5) Lair:5
    Orc (0/2) D:10         Vaults (0/5) D:14         Bailey (visited)
  IceCv (visited)
 Depths: D:15

Altars:
Ashenzari
Cheibriados
Dithmenos
Elyvilon
Fedhas
Gozag
Hepliaklqana
Kikubaaqudgha
Makhleb
Okawaru
Qazlal
Ru
Trog
Uskayaw
Vehumet
Yredelemnul
Zin
The Shining One
Jiyva

Shops:
D:5 *   D:10 [   D:14 [

Annotations:
D:10 exclusion: obsidian statue
Lair:4 2 transporters, Icosk's ghost, journeyman MeRe


Innate Abilities, Weirdness & Mutations

You are immune to sickness and miasma.
Your stone body is resilient. (AC +11)
You are immune to poison.
Your large and strong wings let you fly.
You resist negative energy. (rN+)
You are resistant to electric shocks. (rElec)
You are resistant to unholy torment.
You are immune to petrification.


Message History

The centaur warrior wields a +0 shortbow.
The centaur warrior shoots an arrow.
You reflect the arrow off an invisible shield around you!
The arrow barely misses the centaur warrior.
The arrow hits the centaur!
The centaur shoots an arrow.
The arrow closely misses you.
You hear a shout!
The meliai invokes the aid of its god against you.
Something smites you! You block the meliai's attack. x2
You block the meliai's attack. x2
The meliai calls down the wrath of its god upon you.
Something smites you!
* * * LOW HITPOINT WARNING * * *
The centaur warrior shoots an arrow.
The arrow hits you but does no damage. The meliai hits you with a +0 hand axe.
* * * LOW HITPOINT WARNING * * *
You block the meliai's attack.
The red ugly thing engulfs you but does no damage.
The meliai calls down the wrath of its god upon you.
Something smites you!
* * * LOW HITPOINT WARNING * * *
The tengu conjurer mumbles some strange words.
The tengu conjurer blinks!
You block the meliai's attack. x3; The meliai stings you.
* * * LOW HITPOINT WARNING * * *
The red ugly thing basks in the mutagenic energy from its kin and changes!
Unknown command.
Unknown command.
Hit: a) +0 morningstar (protect)
Press: ? - help, Dir - move target, f - centaur
Aim: a centaur (about 21% to evade your +0 morningstar of protection)
Okay, then.
As you read the scroll of teleportation, it crumbles to dust.
You feel strangely unstable. You block the meliai's attack. x4
The meliai hits you but does no damage. You block the meliai's attack.
The meliai mumbles some strange prayers to its god against you.
Something smites you!
* * * LOW HITPOINT WARNING * * *
The meliai hits you with a +0 hand axe.
You die...

.#.......#..#.........<....######
........##.................#
.......###.....##.........##
.............#..##.......##
.............#...#.......#
......####....#.##.......#
####### #.#..#.#......... #
#.......y.......## #
###..†..c@y.......# #
#........cyuu......# #
#.≈.........Q......#
#.........c.cc......
+###.....uuu.....#
........Q......## ###
.≈...............#....
...........$..........
......................


You could see 5 ugly things, a tengu warrior, a centaur warrior, a tengu
conjurer, 3 meliai and 4 centaurs.

Vanquished Creatures
  A reaper (IceCv)
  Azrael (D:14)
  A fire dragon (D:13)
  A yaktaur captain (D:14)
  6 hydras
  An ogre mage (D:15)
  7 two-headed ogres
  6 centaur warriors
  2 boulder beetles
  A tengu warrior (D:13)
  13 spriggans
  5 skeletal warriors (D:14)
  2 orc knights (Bailey)
  Pikel (D:9)
  A deep elf pyromancer (D:15)
  19 ugly things
  2 cyclopes (D:15)
  2 wolf spiders
  2 manticores
  13 slime creatures
  6 elephants
  2 ice statues (IceCv)
  A black mamba (Lair:4)
  An eye of devastation (Lair:5)
  14 cane toads
  A gargoyle (D:10)
  2 yaktaurs (D:14)
  An unseen horror (D:11)
  4 rime drakes
  An efreet (D:14)
  6 komodo dragons
  A freezing wraith (IceCv)
  4 ice devils (IceCv)
  A hornet (shapeshifter) (D:14)
  8 polar bears
  3 trolls
  2 tyrant leeches (Lair:3)
  Grinder (D:3)
  6 hornets
  7 dream sheep
  2 jumping spiders (Lair:3)
  2 vampires
  Eustachio (D:5)
  22 yaks
  3 fire elementals (D:14)
  2 wraiths
  2 basilisks
  6 wyverns
  3 death yak simulacra (IceCv)
  9 vampire mosquitoes
  A swamp worm (Lair:3)
  2 harpy simulacra (IceCv)
  2 redbacks (Lair:3)
  3 steam dragons
  The ghost of Newt the Shooter, an amateur KoHu (D:3)
  A warg (D:10)
  10 water moccasins
  A hydra simulacrum (IceCv)
  A floating eye (Lair:5)
  2 hell hounds (D:14)
  A sky beast (D:6)
  22 orc warriors
  7 black bears
  6 ogres
  19 wolves
  5 boggarts (Lair:5)
  17 centaurs
  A phantom (D:5)
  3 lemures
  2 kobold brigands (D:6)
  2 two-headed ogre simulacra (IceCv)
  12 bullfrogs
  3 gnoll sergeants
  3 necrophages (Lair:2)
  2 scorpions
  A wyvern skeleton (D:3)
  6 killer bees (D:11)
  3 electric eels
  9 howler monkeys
  A jelly (D:6)
  18 orc priests
  A hound (D:5)
  A gnoll bouda (D:8)
  Jessica (D:3)
  5 iguanas
  17 orc wizards
  3 sleepcaps
  A polar bear simulacrum (IceCv)
  5 troll simulacra (IceCv)
  A spriggan simulacrum (IceCv)
  A killer bee zombie (D:3)
  8 adders
  21 gnolls
  2 naga simulacra (IceCv)
  6 white imps
  An ufetubus (D:6)
  2 worms (D:2)
  A dart slug (D:4)
  81 orcs
  4 ball pythons
  5 bats
  5 endoplasms
  3 giant cockroaches
  5 goblins
  9 hobgoblins
  4 jackals (D:5)
  4 quokkas
  2 frilled lizards
  9 kobolds
  4 rats
590 creatures vanquished.

Vanquished Creatures (others)
  An orc priest (D:9)
  10 fungi (Lair:5)
  32 plants
43 creatures vanquished.

Grand Total: 633 creatures vanquished

Notes
Turn   | Place    | Note
-------+----------+-------------------------------------------
     0 | D:1      | AtlasWard the Gargoyle Fighter began the quest for the Orb.
     0 | D:1      | Reached XP level 1. HP: 14/14 MP: 1/1
   106 | D:1      | Reached XP level 2. HP: 19/19 MP: 2/2
   854 | D:2      | Reached XP level 3. HP: 23/23 MP: 3/3
   871 | D:2      | Reached skill level 3 in Maces & Flails
   883 | D:2      | Reached XP level 4. HP: 16/29 MP: 4/4
  1370 | D:2      | Found a radiant altar of Vehumet.
  1526 | D:3      | Found a runed translucent gate.
  1527 | D:3      | Found a runed translucent gate.
  1528 | D:3      | Found a runed translucent gate.
  1529 | D:3      | Noticed Newt's ghost (amateur KoHu)
  1610 | D:3      | Found an opulent altar of Gozag.
  1898 | D:3      | Found a glowing silver altar of Zin.
  2102 | D:3      | Noticed Grinder
  2224 | D:4      | Reached XP level 5. HP: 29/33 MP: 5/5
  2249 | D:4      | Reached skill level 4 in Maces & Flails
  2358 | D:4      | Reached XP level 6. HP: 36/39 MP: 6/6
  2402 | D:4      | Reached skill level 5 in Maces & Flails
  2746 | D:4      | Reached skill level 5 in Fighting
  2854 | D:4      | Found a hide-covered altar of Uskayaw.
  2927 | D:5      | Entered Level 5 of the Dungeon
  2927 | D:5      | Noticed a water moccasin
  2954 | D:4      | Killed a water moccasin
  2955 | D:4      | Reached skill level 6 in Maces & Flails
  2955 | D:4      | Reached XP level 7. HP: 16/44 MP: 7/7
  3370 | D:5      | Noticed Eustachio
  3408 | D:5      | Killed Eustachio
  3473 | D:5      | Reached skill level 7 in Maces & Flails
  3513 | D:5      | Reached XP level 8. HP: 50/51 MP: 8/8
  3546 | D:5      | Found Taeblegh's Assorted Antiques.
  4239 | D:3      | Paralysed by Grinder for 2 turns
  4247 | D:3      | Killed Grinder
  4248 | D:3      | Reached skill level 8 in Maces & Flails
  4278 | D:3      | Killed Newt's ghost
  4403 | D:3      | Noticed Jessica
  4404 | D:3      | Killed Jessica
  4654 | D:6      | Reached skill level 9 in Maces & Flails
  4834 | D:6      | Reached XP level 9. HP: 57/57 MP: 9/9
  5198 | D:6      | Identified the ring of False Pretenses {rElec rPois rCorr
                  | Slay+3}
  5609 | D:6      | Reached skill level 10 in Maces & Flails
  5644 | D:7      | Found a staircase to the Ecumenical Temple.
  5666 | Temple   | Entered the Ecumenical Temple
  5676 | Temple   | Became a worshipper of Warmaster Okawaru
  6235 | D:7      | Noticed a hornet
  6242 | D:7      | Killed a hornet
  6264 | D:7      | Reached skill level 5 in Shields
  6543 | D:8      | Reached * piety under Okawaru
  6562 | D:8      | Found a shadowy altar of Dithmenos.
  6571 | D:8      | Reached XP level 10. HP: 65/65 MP: 10/10
  6856 | D:8      | Reached skill level 11 in Maces & Flails
  7031 | D:8      | Found a glowing golden altar of the Shining One.
  7186 | D:8      | Found a snail-covered altar of Cheibriados.
  7459 | D:9      | Found a staircase to the Lair.
  7590 | D:9      | Noticed Pikel
  7763 | D:9      | Found a broken altar of Ashenzari.
  7764 | D:9      | Found a radiant altar of Vehumet.
  8145 | D:9      | Killed Pikel
  8145 | D:9      | Reached ** piety under Okawaru
  8516 | Lair:1   | Entered Level 1 of the Lair of Beasts
  8547 | Lair:1   | Noticed a cane toad
  8556 | Lair:1   | Killed a cane toad
  8689 | Lair:1   | Reached skill level 12 in Maces & Flails
  8912 | Lair:1   | Reached skill level 10 in Fighting
  8912 | Lair:1   | Reached skill level 1 in Invocations
  8969 | Lair:1   | Reached *** piety under Okawaru
  9324 | Lair:2   | Noticed a cane toad
  9334 | Lair:2   | Killed a cane toad
  9335 | Lair:2   | Reached XP level 11. HP: 45/72 MP: 12/12
  9895 | Lair:2   | Reached **** piety under Okawaru
 10568 | Lair:3   | Reached skill level 13 in Maces & Flails
 10597 | Lair:3   | Reached ***** piety under Okawaru
 11356 | Lair:3   | Found a staircase to the Swamp.
 11414 | Lair:3   | Noticed a wolf spider
 11428 | Lair:3   | Killed a wolf spider
 11429 | Lair:3   | Reached XP level 12. HP: 56/80 MP: 12/15
 11441 | Lair:3   | Reached skill level 5 in Invocations
 11564 | Lair:3   | Found a hole to the Spider Nest.
 11789 | Lair:4   | Found a frozen archway.
 11797 | IceCv    | Entered an ice cave
 12134 | IceCv    | Reached skill level 14 in Maces & Flails
 12268 | IceCv    | Reached ****** piety under Okawaru
 12386 | IceCv    | Identified the +1 chain mail of Divine Compulsion {Rampage
                  | Int+6} (Okawaru gifted it to you in an ice cave)
 12386 | IceCv    | Received a gift from Okawaru
 12460 | IceCv    | Noticed a reaper
 12492 | IceCv    | Killed a reaper
 12830 | Lair:4   | Noticed a six-headed hydra
 12836 | Lair:4   | Reached skill level 10 in Shields
 12836 | Lair:4   | Killed a six-headed hydra
 12837 | Lair:4   | Reached skill level 1 in Dodging
 13048 | Lair:4   | Noticed a six-headed hydra
 13055 | Lair:4   | Killed a six-headed hydra
 13414 | Lair:4   | Found a transporter.
 13417 | Lair:4   | Noticed Icosk's ghost (journeyman MeRe)
 13437 | Lair:4   | Found a transporter.
 13586 | Lair:5   | Entered Level 5 of the Lair of Beasts
 13606 | Lair:5   | Reached skill level 5 in Armour
 13677 | Lair:5   | Reached XP level 13. HP: 73/86 MP: 18/18
 14381 | Lair:5   | Reached skill level 15 in Maces & Flails
 14398 | Lair:5   | Identified the +1 cloak "Nufyoro" {rElec rC+}
 14795 | Lair:5   | Identified the +0 pair of gloves "Useif" {Rampage rCorr}
                  | (Okawaru gifted it to you on level 5 of the Lair of Beasts)
 14795 | Lair:5   | Received a gift from Okawaru
 15194 | Lair:5   | Paralysed by a floating eye for 3 turns
 15202 | Lair:5   | Paralysed by a floating eye for 2 turns
 15210 | Lair:5   | Paralysed by a floating eye for 4 turns
 15382 | Lair:5   | Found a viscous altar of Jiyva.
 15382 | Lair:5   | Found a staircase to the Slime Pits.
 16195 | D:5      | Bought a pair of runed gloves for 180 gold pieces
 16195 | D:5      | Bought a distressingly furry plate armour for 672 gold
                  | pieces
 16195 | D:5      | Identified the +0 plate armour of Pessimism {MP-9 Str+3
                  | Dex+3} (You bought it in a shop on level 5 of the Dungeon)
 16195 | D:5      | Bought a scroll of magic mapping for 180 gold pieces
 16303 | D:10     | Entered Level 10 of the Dungeon
 16323 | D:10     | Found Cewet's Antique Armour Shoppe.
 16325 | D:10     | Found a flagged portal.
 16334 | Bailey   | Entered a bailey
 17377 | D:10     | Gained mutation: Your large and strong wings let you fly.
                  | [Gargoyle growth]
 17377 | D:10     | Reached XP level 14. HP: 85/94 MP: 7/20
 17494 | D:10     | Found a staircase to the Orcish Mines.
 18976 | D:12     | Identified the +6 executioner's axe of Glory {flame, +Blink
                  | Will+} (Okawaru gifted it to you on level 12 of the
                  | Dungeon)
 18976 | D:12     | Received a gift from Okawaru
 19185 | D:12     | Reached skill level 16 in Maces & Flails
 19275 | D:12     | Found a portal to a secret trove of treasure.
 19462 | D:12     | Found the +4 robe of Augmentation {Str+4 Int+4 Dex+4}
 19904 | Trove    | Entered a treasure trove
 19906 | Trove    | Found the +3 pair of seven-league boots {Rampage+∞}
 19910 | Trove    | Identified the +0 tower shield of Sif Muna's Vengeance
                  | {Dex+3}
 19916 | Trove    | Identified the +1 pair of gloves "Guleda Koblo" {rElec}
 19923 | Trove    | Identified the +2 plate armour "Heuh" {Rampage rN+ Dex+2}
 19925 | Trove    | Identified the +0 pair of boots of Untruth {rC+ rN+ Slay-4}
 21397 | D:14     | Found Jatitod's Armour Emporium.
 21445 | D:14     | Found a glowing golden altar of the Shining One.
 22238 | D:14     | Reached XP level 15. HP: 80/100 MP: 21/21
 22456 | D:14     | Noticed Azrael
 22518 | D:14     | Killed Azrael
 22519 | D:14     | Reached skill level 17 in Maces & Flails
 22702 | D:14     | Found a gate to the Vaults.
 22775 | D:15     | Entered Level 15 of the Dungeon
 23574 | D:15     | Paralysed by an ogre mage for 2 turns
 23979 | D:15     | HP: 1/101 [meliai/divine providence (13)]
 23979 | D:15     | Slain by a meliai

Illustrated notes

Levels and vault maps discovered:
D:1:      dpeg_arrival_chambers_temple_mockup, layout_rooms
D:2:      layout_basic, basic_altar
D:3:      layout_basic, mainiacjoe_overflow_alcove_2,
          mainiacjoe_overflow_small_starburst, gammafunk_ghost_necromancy,
          hangedman_decor_riveting, uniq_grinder, uniq_jessica
D:4:      layout_basic, nicolae_uskayaw_suspiria, minmay_unequal
D:5:      layout_rooms, serial_shops, nicolae_shop_crystal, uniq_eustachio
D:6:      layout_gridville, minmay_misc_feat_enclosed, nrook_uturn,
          chequers_hall_statues_wall_a, hangedman_abyss_or_decor_stagger,
          kennysheep_pointless_box
D:7:      layout_loops_ring, minmay_temple_entry_mist
D:8:      layout_layer_cave, mainiacjoe_overflow_six_doors_small,
          amcnicky_altar_gilded, kennysheep_mini_moat
D:9:      layout_basic, nicolae_overflow_squiral, lair_entry_dummy, uniq_pikel
D:10:     layout_small_grid, david_orc_1_choice, serial_shops,
          nicolae_shop_hallway_stairs, enter_bailey_2, minivault_16,
          chequers_serial_rivers_marsh, st_stairs_7
D:11:     layout_roguey [special_room_orc], special_room [special_room_orc]
D:12:     layout_basic, nicolae_trove_entry_free_sample
D:13:     dragon1_lemuel, layout_basic, serial_bayou_ford_a
D:14:     layout_gridville, david_vaults_2, tso_metal_star, serial_shops,
          nicolae_shop_stone, uniq_azrael
D:15:     hangedman_depths_entry_try_elsewhere_first, layout_cave_pools,
          muffindrake_ghost_dual_entry
Temple:   nicolae_temple_two_arcs
Lair:1:   layout_long_grid
Lair:2:   layout_roguey, roderic_carrion_pond, infiniplex_staircase_pool_2,
          serial_bayou_shore_b
Lair:3:   layout_cave_pods, minmay_swamp_entry_worms,
          spider_nest_entry_funnel_web, grunt_forest_small_clearings,
          nicolae_quartered_pool_little
Lair:4:   layout_regular_city, gammafunk_ghost_berserking_beasts,
          portal_ice_cave_entry_pillars_1
Lair:5:   minmay_lair_end_enchanted_forest, layout_gridlike,
          minmay_slime_entry_eyes

Skill      XL: |  1  2  3  4  5  6  7  8  9 10 11 12 13 14 15 |
---------------+----------------------------------------------+-----
Maces & Flails | 3 4 6 7 9 10 12 13 14 15 16 17 | 17.4
Armour         | 4 5 7 8 9 |  9.7
Fighting       | 4 5 6 7 8 10 11 12 13 14 | 14.4
Shields        | 5 7 8 10 11 12 | 12.9
Invocations    | 1 4 6 8 9 |  9.0
Dodging        | 2 |  2.0

Action                     |  1- 3 |  4- 6 |  7- 9 | 10-12 | 13-15 || total
---------------------------+-------+-------+-------+-------+-------++-------
  Melee: Flail             |    91 |   218 |   384 |   399 |   619 ||  1711
         Whip              |       |       |       |   379 |       ||   379
         Morningstar       |       |       |       |       |   881 ||   881
  Throw: Dart              |       |       |     3 |     1 |     2 ||     6
 Invoke: Heroism           |       |       |       |     4 |     6 ||    10
         Finesse           |       |       |       |     1 |       ||     1
  Evoke: Wand              |       |       |       |    11 |     5 ||    16
    Use: Scroll            |       |     1 |     4 |     6 |    13 ||    24
         Potion            |       |       |       |     2 |       ||     2
 Armour: Scale mail        |    45 |    69 |       |       |       ||   114
         Ring mail         |       |    76 |   269 |   270 |   180 ||   795
         Plate armour      |       |       |       |       |   578 ||   578
  Dodge: Dodged            |    52 |   104 |   197 |   158 |   244 ||   755
  Block: Buckler           |    14 |    51 |    69 |       |       ||   134
         Kite shield       |       |       |    57 |   352 |       ||   409
         Reflection        |       |       |     4 |     7 |    78 ||    89
         Tower shield      |       |       |       |   144 |  1745 ||  1889

Table legend: (Time is in decaauts)
 A = Elapsed time spent in this place.
 B = Non-inter-level travel time spent in this place.
 C = Inter-level travel time spent in this place.
 D = Time resting spent in this place.
 E = Time spent auto-exploring this place.
 F = Levels seen in this place.
 G = Mean time per level.
                   A        B        C        D        E       F      G
               +--------+--------+--------+--------+--------+-----+--------+
         Total |  23872 |  22793 |   1079 |    470 |  16869 |  24 |  994.7 |
       Dungeon |  15833 |  15022 |    811 |     53 |  11416 |  15 | 1055.5 |
        Temple |     18 |     11 |      7 |      0 |      0 |   1 |   18.0 |
          Lair |   6524 |   6263 |    261 |    301 |   4644 |   5 | 1304.8 |
         Trove |     31 |     31 |      0 |      0 |      1 |   1 |   31.0 |
        Bailey |    585 |    585 |      0 |      0 |    422 |   1 |  585.0 |
      Ice Cave |    878 |    878 |      0 |    116 |    385 |   1 |  878.0 |
               +--------+--------+--------+--------+--------+-----+--------+

Top non-repeatable levels by time:
    D:14: 2171 daAuts
  Lair:5: 1998 daAuts
  Lair:3: 1421 daAuts
  Lair:4: 1356 daAuts
     D:4: 1279 daAuts
    D:13: 1211 daAuts
     D:5: 1196 daAuts
     D:8: 1163 daAuts
    D:10: 1158 daAuts
    D:12: 1049 daAuts
     D:9: 1004 daAuts
  Lair:2: 988 daAuts
     D:6: 963 daAuts
   IceCv: 878 daAuts
     D:3: 878 daAuts
